 Dungeon Crawl Stone Soup version 0.29.0-15-g675c0067aa (webtiles) character file.

Game seed: 5397178964623394241

1 Goaboa the Stinger (level 1, -1/11 HPs)
             Began as an Octopode Venom Mage on Sept 10, 2022.
             Slain by a rat (2 damage)
             ... on level 1 of the Dungeon on Sept 11, 2022.
             The game lasted 00:05:58 (512 turns).

Goaboa the Stinger (Octopode Venom Mage)             Turns: 512, Time: 00:05:59

Health: -1/11      AC:  1    Str:  7    XL:     1   Next: 20%
Magic:  3/3        EV: 13    Int: 17    God:
Gold:   13         SH:  0    Dex: 12    Spells: 3/4 levels left

rFire   . . .      SeeInvis .   f - +0 dagger
rCold   . . .      Faith    .   (no shield)
rNeg    . . .      Spirit   .   (helmet restricted)
rPois   .          Reflect  .   (no amulet)
rElec   .          Harm     .   (no ring)
rCorr   .          Rampage  .   (no ring)
Will    .....                   (no ring)
Stlth   +++.......              (no ring)
HPRegen 0.03/turn               (no ring)
MPRegen 0.08/turn               (no ring)
                                (no ring)
                                (no ring)

@: no status effects
A: almost no armour, amphibious, 8 rings, camouflage 1, gelatinous body 1,
(nimble swimmer 1), tentacles
a: no special abilities


You were on level 1 of the Dungeon.
You visited 1 branch of the dungeon, and saw 1 of its levels.

You collected 13 gold pieces.

Inventory:

Hand Weapons
 f - a +0 dagger (weapon)
Scrolls
 c - a scroll of magic mapping {unknown}
 d - a scroll of teleportation {unknown}
 g - a scroll of butterflies {unknown}
Potions
 a - a potion of magic
 e - a potion of mutation


   Skills:
 + Level 0.0 Fighting
 + Level 2.0 Dodging
 + Level 2.7 Stealth
 + Level 2.0 Spellcasting
 + Level 1.0 Transmutations
 + Level 3.6 Poison Magic


You had 3 spell levels left.
You knew the following spells:

 Your Spells              Type           Power      Damage    Failure   Level
a - Sting                 Tmut/Pois      36%        1d4       8%          1

Your spell library contained the following spells:

 Spells                   Type           Power      Damage    Failure   Level
 Poisonous Vapours        Pois/Air       14%        N/A       14%         2
 Mephitic Cloud           Conj/Pois/Air  5%         N/A       34%         3
 Olgreb's Toxic Radiance  Pois           14%        N/A       41%         4


Dungeon Overview and Level Annotations

Branches:
Dungeon (1/15)

Altars:


Innate Abilities, Weirdness & Mutations

You cannot wear most types of armour.
You are amphibious.
You can wear up to eight rings at the same time.
Your skin changes colour to match your surroundings (Stealth+).
Your rubbery body absorbs attacks. (AC +1, EV +1)
((You are camouflaged when in or above water. (Stealth+)))
You have tentacles for arms and can constrict up to eight enemies at once.


Message History

The rat attacks as you move away! The rat bites you.
The rat attacks as you move away! The rat bites you.
Casting: Sting (safe; 8% risk of failure)
Confirm with . or Enter, or press ? or * to list all spells.
Aiming: Sting (safe; 8% risk of failure)
Press: ? - help, Shift-Dir - straight line, f - hobgoblin
Aim: a hobgoblin (68% to hit)
The sting hits the hobgoblin but does no damage.
The hobgoblin is poisoned.
The hobgoblin misses you.
You hit the hobgoblin but do no damage. Your grab misses the hobgoblin.
Your squeeze misses the hobgoblin.
The hobgoblin is heavily wounded.
The hobgoblin hits you.
* * * LOW HITPOINT WARNING * * *
Okay, then.
As you read the scroll labelled KUPSUA TEPEM, it crumbles to dust.
It is a scroll of identify.
Really abort (and waste the scroll)? [Y]es or [N]o only, please.
Really abort (and waste the scroll)? [Y]es or [N]o only, please.
Really abort (and waste the scroll)?
e - a potion of mutation You kill the hobgoblin!
Found a leather armour.
You see here a +0 leather armour.
Found a scroll labelled XUUNUNEOBU.
Found a robe.
You see here a scroll labelled XUUNUNEOBU.
A frilled lizard comes into view.
You see here a +0 leather armour.
You see here a hobgoblin corpse.
Welcome back, Goaboa the Octopode Venom Mage.
Press ? for a list of commands and other information.
The rat closely misses you. The rat attacks as you move away!
The rat bites you.
* * * LOW HITPOINT WARNING * * *
The rat attacks as you move away! The rat barely misses you.
The rat attacks as you move away! The rat bites you.
You die...

### #.#####.## ###.....
#####.#####....#P.## ########..
..#....#.###.[.##..#####≈##≈≈####
...##...###..#####P...~≈≈≈≈##≈#
#.#.####....## ####.≈≈≈######
##### ##..## #~≈###
################### ####
.[.........†......##
##############..@.># ######
#.......#r######## ......
#.........#......# ......
#...$............# ......
#.......###......# ######
#.......# #......# ###.#####
##.############ #.#
#............. ..# ##############


You could see a rat.

Vanquished Creatures
  A hobgoblin (D:1)
1 creature vanquished.

Notes
Turn   | Place    | Note
-------+----------+-------------------------------------------
     0 | D:1      | Goaboa the Octopode Venom Mage began the quest for the Orb.
     0 | D:1      | Reached XP level 1. HP: 11/11 MP: 3/3
   501 | D:1      | Upgraded the game from 0.29.0-13-gc9e81de378 to
                  | 0.29.0-15-g675c0067aa
   512 | D:1      | Slain by a rat

Illustrated notes

Levels and vault maps discovered:
D:1:      dpeg_cavernosity, layout_basic, corexii_corridor_pit,
          chequers_serial_rivers_large_a

Action                   || total
-------------------------++-------
Melee: Dagger            ||     1
 Cast: Sting             ||     2
  Use: Scroll            ||     1
Dodge: Dodged            ||     5
